[Event "Moscow Youth U19 2019"]
[Site "Moscow"]
[Date "2019.11.22"]
[Round "5.6"]
[White "Gotsiuk, Denis"]
[Black "Zavialov, Nikita A."]
[Result "1/2-1/2"]
[ECO "D00"]
[WhiteElo "1976"]
[BlackElo "2066"]
[Annotator "NA"]
[PlyCount "121"]
[EventDate "2019.11.18"]
[EventType "swiss"]
[EventCountry "RUS"]
[SourceTitle "playchess.com"]
[Source "ChessBase"]
[SourceQuality "1"]
[TimeControl "5400+30"]

1. d4 d5 2. Bf4 g6 3. e3 Bg7 4. Nf3 c5 5. c3 Qb6 6. Qb3 Qxb3 7. axb3 cxd4 8. exd4 Nc6 9. b4 f6 10. b5 Nd8 11. c4 g5 12. Be3 g4 13. Nfd2 e6 14. Nc3 Ne7 15. g3 b6 16. b4 dxc4 17. Nxc4 Bb7 18. Nd6+ Kd7 19. Nxb7 Nxb7 20. Bg2 Rab8 21. Rxa7 Rhc8 22. Na4 Rc7 23. Nxb6+ Kd8 24. Bf4 e5 25. dxe5 fxe5 26. Bg5 Nd6 27. Rxc7 Kxc7 28. Bxe7 Rxb6 29. Bxd6+ Rxd6 30. h3 gxh3 31. Rxh3 Rh6 32. Rxh6 Bxh6 33. Ke2 Bf8 34. Be4 h6 35. Kf3 Bxb4 36. Kg4 Be1 37. f4 exf4 38. gxf4 Bb4 39. Kh5 Bf8 40. Kg6 Kb6 41. Bd3 Bd6 42. f5 Bf8 43. Be2 Ka5 44. Kf7 Bc5 45. Kf6 Kb6 46. Ke5 Ba3 47. Kd5 Be7 48. Kc4 Bg5 49. Bh5 Bf6 50. Be2 Bg5 51. Kd5 h5 52. Ke4 h4 53. Kf3 Bd8 54. Kg4 Be7 55. Bf1 Bd8 56. Kh5 h3 57. Kg4 h2 58. Bg2 Kxb5 59. Kh3 Kc5 60. Kxh2 Bf6 61. Bf1 1/2-1/2

[Event "Moscow Youth U19 2019"]
[Site "Moscow"]
[Date "2019.11.22"]
[Round "5.7"]
[White "Rysaev, Danial"]
[Black "Kozhukhov, Alexandr"]
[Result "*"]
[ECO "A32"]
[WhiteElo "2029"]
[BlackElo "1627"]
[Annotator "NA"]
[PlyCount "103"]
[EventDate "2019.11.18"]
[EventType "swiss"]
[EventCountry "RUS"]
[SourceTitle "playchess.com"]
[Source "ChessBase"]
[SourceQuality "1"]
[TimeControl "5400+30"]

1. d4 Nf6 2. c4 e6 3. Nf3 c5 4. g3 cxd4 5. Nxd4 Nc6 6. Bg2 Bc5 7. Nxc6 {[%emt 0:01:32] A32: Symmetrical English: 2 Nf3 Nf6 3 d4 cxd4 4 Nxd4 e6} bxc6 8. O-O O-O 9. Qa4 $146 ({Predecessor:} 9. Nc3 d5 10. Qc2 Ba6 11. b3 Be7 12. Rd1 Qc8 13. Bb2 dxc4 14. bxc4 Rb8 15. Ne4 Nxe4 16. Bxe4 f5 17. Bf3 Rxb2 18. Qxb2 {½-½ (52) Berkes,F (2678)-Ivanisevic,I (2574) Valjevo 2018}) 9... Qb6 10. Nc3 d5 11. Qc2 Be7 12. Na4 Qb8 13. b3 Ba6 14. Rd1 dxc4 15. Bg5 ({But not} 15. Bxc6 cxb3 16. Qb1 Bxe2 $15) (15. bxc4 $14 Qb4 16. Nb2) 15... Qc7 16. Nb2 cxb3 17. axb3 Bb5 18. Bf4 e5 19. Be3 Bb4 $11 20. Nd3 Bxd3 21. Rxd3 Rfc8 22. Ra6 e4 23. Rd4 c5 24. Rc4 h5 25. Rxf6 gxf6 26. Bxe4 Rab8 27. Bd5 Kg7 28. Bf4 Qd7 29. Bxb8 Rxb8 30. Bf3 Rd8 31. Kg2 Qd2 32. Qb1 Qg5 33. Rh4 Qg6 34. Qa2 a5 35. Bxh5 Qf5 36. Bf3 Rd2 37. Qa4 Qd7 38. Qa1 Qf5 39. Rf4 Qe5 40. Qb1 Rd4 41. Rf5 Qe6 42. Rh5 c4 43. bxc4 Qxc4 44. Qf5 Qe6 45. Rh7+ Kf8 46. Rh8+ Ke7 47. Qb5 Qd7 48. Bc6 Qc7 49. Re8+ Kd6 50. Bf3 Rd2 51. Qf5 Bc3 52. Qf4+ *

[Event "Moscow Youth U19 2019"]
[Site "Moscow"]
[Date "2019.11.22"]
[Round "5.8"]
[White "Talyzin, Valeriy"]
[Black "Buniatyan, David"]
[Result "*"]
[ECO "A05"]
[WhiteElo "1829"]
[BlackElo "1960"]
[Annotator "NA"]
[PlyCount "53"]
[EventDate "2019.11.18"]
[EventType "swiss"]
[EventCountry "RUS"]
[SourceTitle "playchess.com"]
[Source "ChessBase"]
[SourceQuality "1"]
[TimeControl "5400+30"]

1. Nf3 Nf6 2. g3 g6 3. Bg2 Bg7 4. O-O O-O 5. d3 d6 6. e4 c5 7. Nh4 Nc6 {[%emt 0:01:52] A05: Réti Opening: 1 Nf3 Nf6} 8. f4 Bg4 (8... Nd7 9. f5 b5 10. Nc3 c4 11. Kh1 cxd3 12. cxd3 Bb7 13. Bg5 Nd4 14. a3 a5 15. Ne2 Nxe2 16. Qxe2 {1-0 (60) Petrosian,T (2601)-Onischuk,V (2637) Riadh 2017}) 9. Nf3 Nd7 $146 ({Predecessor:} 9... Nd4 10. c3 Nxf3+ 11. Bxf3 Bxf3 12. Qxf3 b5 13. g4 Qd7 14. h3 Qc6 {1-0 (59) Ivannikau,M (1826)-Gluckman,P (1637) Al Ain 2013}) 10. h3 Bxf3 11. Bxf3 c4 12. c3 cxd3 13. Qxd3 Qb6+ 14. Rf2 Nc5 15. Qe2 a6 16. Be3 Qc7 17. h4 b5 18. h5 b4 19. hxg6 hxg6 20. e5 Na4 $14 21. f5 gxf5 22. Rh2 dxe5 23. Bd5 Rfd8 24. Bb3 Nb6 25. Qh5 e6 26. Bh6 Bf6 27. Bg5 *

[Event "Moscow Youth U19 2019"]
[Site "Moscow"]
[Date "2019.11.22"]
[Round "5.8"]
[White "Talyzin, Valeriy"]
[Black "Graham, David B"]
[Result "0-1"]
[ECO "A05"]
[WhiteElo "1829"]
[BlackElo "2152"]
[Annotator "NA"]
[PlyCount "84"]
[EventDate "2019.11.18"]
[EventType "swiss"]
[EventCountry "RUS"]
[SourceTitle "playchess.com"]
[Source "ChessBase"]
[SourceQuality "1"]
[TimeControl "5400+30"]

1. Nf3 Nf6 2. g3 g6 3. Bg2 Bg7 4. O-O O-O 5. d3 d6 6. e4 c5 7. Nh4 Nc6 8. f4 Bg4 9. Nf3 Nd7 10. h3 Bxf3 11. Bxf3 c4 12. c3 cxd3 13. Qxd3 Qb6+ 14. Rf2 Nc5 15. Qe2 a6 16. Be3 Qc7 17. h4 b5 18. h5 b4 19. hxg6 hxg6 20. e5 Na4 21. f5 gxf5 22. Rh2 dxe5 23. Bd5 Rfd8 24. Bb3 Nb6 25. Qh5 e6 26. Bh6 Bf6 27. Bg5 Bg7 28. Nd2 e4 29. Bh6 Qe5 30. Bf4 Qc5+ 31. Kg2 bxc3 32. bxc3 Qxc3 33. Rd1 Ne5 34. Bg5 Rd3 35. Be7 Rxd2+ 36. Rxd2 Qxd2+ 37. Kf1 Qd3+ 38. Re2 Rc8 39. Kg1 Rc1+ 40. Kh2 Ng4+ 41. Kh3 Rh1+ 42. Rh2 Rxh2# 0-1

[Event "Moscow Youth U19 2019"]
[Site "Moscow"]
[Date "2019.11.22"]
[Round "5.9"]
[White "Budnichenko, Vladimir"]
[Black "Shlykov, Yaroslav"]
[Result "0-1"]
[ECO "B52"]
[WhiteElo "1489"]
[BlackElo "1623"]
[Annotator "NA"]
[PlyCount "176"]
[EventDate "2019.11.18"]
[EventType "swiss"]
[EventCountry "RUS"]
[SourceTitle "playchess.com"]
[Source "ChessBase"]
[SourceQuality "1"]
[TimeControl "5400+30"]

1. e4 c5 2. Nf3 d6 3. Bb5+ Bd7 4. Bxd7+ Qxd7 5. c4 Nc6 6. d4 cxd4 7. Nxd4 Nf6 8. Nc3 g6 9. O-O Bg7 10. f3 Nxe4 11. Nxc6 Nxc3 12. Qd3 Qxc6 13. bxc3 O-O 14. Bg5 f6 15. Bd2 Rac8 16. Rab1 b6 17. Rb4 Rfd8 18. Re1 e5 19. Be3 Bf8 20. Rd1 d5 21. cxd5 Qxc3 22. Ra4 Qxd3 23. Rxd3 Rd7 24. f4 Bc5 25. fxe5 fxe5 26. Kf2 Kf7 27. Kf3 Bxe3 28. Rxe3 Kf6 29. Ke4 Rc5 30. Rf3+ Ke7 31. Rd3 Kd6 32. h4 Rdc7 33. g3 Rc4+ 34. Rxc4 Rxc4+ 35. Ke3 Rg4 36. Kf2 Rd4 37. Rf3 Ke7 38. Ra3 a5 39. Rb3 Rb4 40. Rc3 Kd6 41. a3 Rb2+ 42. Ke3 Kxd5 43. Rc7 Rb3+ 44. Kf2 Rxa3 45. Rxh7 Ke6 46. g4 b5 47. Rb7 b4 48. Rb6+ Kf7 49. g5 e4 50. Rb7+ Ke6 51. Rb6+ Kf5 52. h5 Kxg5 53. hxg6 Kh6 54. Ke2 e3 55. Kf3 Rc3 56. Ra6 Rc5 57. Kxe3 b3 58. Kd2 Rc2+ 59. Kd1 Ra2 60. Kc1 a4 61. Rb6 Kg7 62. Kb1 Rg2 63. Rb4 Ra2 64. Rb6 Kh6 65. Kc1 Rc2+ 66. Kb1 Rc4 67. Kb2 Rg4 68. Ra6 Kg7 69. Kb1 Kf8 70. Ra8+ Kg7 71. Ra6 Rb4 72. Kb2 Kh6 73. Rc6 a3+ 74. Kxa3 b2 75. Kxb4 b1=Q+ 76. Kc5 Qb2 77. Re6 Kg5 78. Kc6 Kf5 79. Rd6 Qc3+ 80. Kd7 Qg7+ 81. Kc8 Ke5 82. Rc6 Kd5 83. Rb6 Qf8+ 84. Kb7 Qe7+ 85. Ka6 Qc7 86. Rb7 Qc8 87. Ka7 Qc5+ 88. Kb8 Qd6+ 0-1

[Event "Moscow Youth U19 2019"]
[Site "Moscow"]
[Date "2019.11.22"]
[Round "5.10"]
[White "Miroshnik, Ekaterina"]
[Black "Talalov, Anton"]
[Result "1-0"]
[ECO "D30"]
[WhiteElo "2127"]
[BlackElo "1792"]
[Annotator "NA"]
[PlyCount "99"]
[EventDate "2019.11.18"]
[EventType "swiss"]
[EventCountry "RUS"]
[SourceTitle "playchess.com"]
[Source "ChessBase"]
[SourceQuality "1"]
[TimeControl "5400+30"]

1. d4 d5 2. c4 e6 3. e3 Nf6 4. Nf3 Be7 5. Bd3 O-O 6. O-O dxc4 7. Bxc4 a6 8. b3 b5 9. Be2 Bb7 10. Bb2 Nbd7 11. Nbd2 c5 12. a4 Qb6 13. Bd3 Bc6 14. axb5 Bxb5 15. Nc4 Qc7 16. Nfe5 Nxe5 17. dxe5 Nd5 18. Qg4 Rfd8 19. Rfd1 Rab8 20. Bf1 g6 21. Rac1 Bxc4 22. Bxc4 a5 23. Ba1 Nb4 24. e4 Qc6 25. Qe2 a4 26. f4 axb3 27. Bxb3 Na6 28. Bc4 Nc7 29. Rxd8+ Rxd8 30. Bc3 Ra8 31. Rf1 Bf8 32. Rf3 Rb8 33. h4 Nb5 34. h5 Nd4 35. Bxd4 cxd4 36. hxg6 hxg6 37. Rf1 Qc5 38. Bd3 Bh6 39. Qf3 Qc3 40. Be2 Qd2 41. f5 Be3+ 42. Kh2 exf5 43. exf5 gxf5 44. Qxf5 Qxe2 45. Qxf7+ Kh8 46. Rf3 Qa6 47. e6 Qd6+ 48. Kh3 Rb2 49. Qh5+ Kg7 50. Rf7+ 1-0

[Event "Moscow Youth U19 2019"]
[Site "Moscow"]
[Date "2019.11.23"]
[Round "6.1"]
[White "Makarian, Rudik"]
[Black "Yeritsyan, Aram"]
[Result "1/2-1/2"]
[ECO "E20"]
[WhiteElo "2405"]
[BlackElo "2276"]
[Annotator "NA"]
[PlyCount "88"]
[EventDate "2019.11.18"]
[EventType "swiss"]
[EventCountry "RUS"]
[SourceTitle "playchess.com"]
[Source "ChessBase"]
[SourceQuality "1"]
[TimeControl "5400+30"]

1. c4 Nf6 2. d4 e6 3. Nc3 Bb4 4. g3 Nc6 5. Bg2 e5 6. dxe5 Bxc3+ 7. bxc3 Nxe5 8. c5 Qe7 9. Be3 O-O 10. Nf3 Neg4 11. Bd4 Ne4 12. Nh4 d6 13. Bxe4 Qxe4 14. f3 Qc6 15. cxd6 cxd6 16. O-O Ne5 17. e4 Re8 18. f4 Ng6 19. Nf5 f6 20. Qb3+ Be6 21. Qc2 Bxf5 22. exf5 Ne7 23. Rae1 Qd5 24. Qb3 Qxb3 25. axb3 h5 26. Ra1 a6 27. Ra5 b5 28. Rfa1 Nxf5 29. Rxa6 Rxa6 30. Rxa6 Re1+ 31. Kf2 Rb1 32. b4 Nxd4 33. cxd4 Rxb4 34. Rxd6 Rb2+ 35. Kf3 Rxh2 36. Rd5 h4 37. gxh4 Rxh4 38. Rxb5 g5 39. fxg5 Rxd4 40. gxf6 Kf7 41. Rb7+ Kxf6 42. Rb6+ Ke5 43. Rb5+ Rd5 44. Rxd5+ Kxd5 1/2-1/2

[Event "Moscow Youth U19 2019"]
[Site "Moscow"]
[Date "2019.11.23"]
[Round "6.2"]
[White "Gurvich, Vitaly"]
[Black "Vetokhin, Savva"]
[Result "1-0"]
[ECO "A61"]
[WhiteElo "2265"]
[BlackElo "2081"]
[Annotator "NA"]
[PlyCount "145"]
[EventDate "2019.11.18"]
[EventType "swiss"]
[EventCountry "RUS"]
[SourceTitle "playchess.com"]
[Source "ChessBase"]
[SourceQuality "1"]
[TimeControl "5400+30"]

1. d4 Nf6 2. c4 e6 3. Nf3 c5 4. d5 exd5 5. cxd5 d6 6. Nc3 g6 7. Nd2 Bg7 8. Nc4 O-O 9. Bf4 Ne8 10. Qd2 Bf6 11. e4 Qe7 12. Bd3 Nd7 13. Bg3 Ne5 14. O-O Bd7 15. a4 Rd8 16. Rae1 a6 17. Nb6 Ng7 18. Be2 Bc8 19. f4 Nd7 20. Nxc8 Rxc8 21. e5 dxe5 22. Bg4 e4 23. d6 Qd8 24. Bxd7 Bd4+ 25. Bf2 Qxd7 26. Bxd4 cxd4 27. Qxd4 Nf5 28. Nxe4 Nxd4 29. Nf6+ Kg7 30. Nxd7 Rfd8 31. Re4 Nf5 32. Nb6 Rc6 33. a5 Rdxd6 34. g4 Nd4 35. Rf2 Nb3 36. Nc4 Rd5 37. f5 Nxa5 38. Ne3 Rd7 39. g5 f6 40. Ng4 gxf5 41. Rxf5 Rd2 42. gxf6+ Kf8 43. Re1 Nc4 44. Rg5 Ne3 45. Nxe3 Rxf6 46. Rg2 Rg6 47. Rxg6 hxg6 48. b4 Rb2 49. Nd5 a5 50. bxa5 Rb5 51. Nc3 Rxa5 52. Rb1 Rc5 53. Ne4 Re5 54. Nd6 Ke7 55. Nxb7 Kd7 56. Rc1 Ke6 57. Nc5+ Kf5 58. Nd3 Re3 59. Nf2 Kg5 60. Kg2 Kh5 61. Rc5+ g5 62. Rf5 Re8 63. Rf3 Ra8 64. Ne4 Ra4 65. Nf6+ Kg6 66. h3 Rb4 67. Ng4 Kh5 68. Kg3 Ra4 69. Re3 Rb4 70. Nh2 Ra4 71. Nf3 Kh6 72. Re6+ Kh5 73. Re5 1-0

[Event "Moscow Youth U19 2019"]
[Site "Moscow"]
[Date "2019.11.23"]
[Round "6.3"]
[White "Beliuga, Mikhail"]
[Black "Pavlov, Danila"]
[Result "0-1"]
[ECO "B07"]
[WhiteElo "1816"]
[BlackElo "2369"]
[Annotator "NA"]
[PlyCount "103"]
[EventDate "2019.11.18"]
[EventType "swiss"]
[EventCountry "RUS"]
[SourceTitle "playchess.com"]
[Source "ChessBase"]
[SourceQuality "1"]
[TimeControl "5400+30"]

1. d4 Nf6 2. Nf3 g6 3. g3 Bg7 4. Bg2 O-O 5. O-O d6 6. Nc3 Nbd7 7. e4 e5 8. a4 a5 9. Re1 c6 10. h3 Qc7 11. Be3 b6 12. Qd2 Bb7 13. Rad1 Rfd8 14. Qc1 Rac8 15. Re2 Nf8 16. Red2 Ne6 17. dxe5 dxe5 18. Rxd8+ Rxd8 19. Rxd8+ Nxd8 20. Nd2 Ne6 21. Nb3 c5 22. Nd5 Nxd5 23. exd5 Nd4 24. Bxd4 cxd4 25. d6 Qd7 26. Bxb7 Qxb7 27. Qg5 f6 28. Qg4 f5 29. Qg5 Qd7 30. Qe7 Qxe7 31. dxe7 Kf7 32. Nd2 Kxe7 33. Nc4 Ke6 34. Nxb6 Bf6 35. Kf1 Bd8 36. Nc4 Kd5 37. Nd2 Kc5 38. Ke2 Kb4 39. Kd3 Bg5 40. f4 e4+ 41. Kxd4 Bf6+ 42. Kd5 Bxb2 43. c4 e3 44. Nf3 Kxa4 45. c5 Bf6 46. c6 Bd8 47. Kc4 Ka3 48. Nd4 Kb2 49. Kd3 a4 50. Ne6 Ba5 51. Nc5 a3 52. Na4+ 0-1

[Event "Moscow Youth U19 2019"]
[Site "Moscow"]
[Date "2019.11.23"]
[Round "6.4"]
[White "Fedorov, Nikita"]
[Black "Orlov, Aleksandr"]
[Result "1-0"]
[ECO "C42"]
[WhiteElo "2133"]
[BlackElo "1965"]
[Annotator "NA"]
[PlyCount "73"]
[EventDate "2019.11.18"]
[EventType "swiss"]
[EventCountry "RUS"]
[SourceTitle "playchess.com"]
[Source "ChessBase"]
[SourceQuality "1"]
[TimeControl "5400+30"]

1. e4 e5 2. Nf3 Nf6 3. Nxe5 d6 4. Nf3 Nxe4 5. Nc3 Nxc3 6. dxc3 Be7 7. Be3 c5 8. Bc4 O-O 9. Qd3 Qd7 10. O-O-O Qf5 11. Qd2 Nc6 12. h4 Ne5 13. Nxe5 dxe5 14. f3 h5 15. Bd5 Qg6 16. g4 Rd8 17. gxh5 Qxh5 18. Rdg1 Bf6 19. Bg5 Kf8 20. Bxf6 gxf6 21. c4 Bf5 22. Qf2 Rac8 23. Bxb7 Qh6+ 24. f4 Rc7 25. Bd5 Re8 26. Re1 Qxf4+ 27. Qxf4 exf4 28. Rxe8+ Kxe8 29. Rf1 Bg4 30. Rxf4 f5 31. Bf3 Bh3 32. h5 Bf1 33. Rh4 Kf8 34. b3 Re7 35. h6 Kg8 36. Rh1 Be2 37. Re1 1-0

[Event "Moscow Youth U19 2019"]
[Site "Moscow"]
[Date "2019.11.23"]
[Round "6.5"]
[White "Buniatyan, David"]
[Black "Rysaev, Danial"]
[Result "1-0"]
[ECO "C06"]
[WhiteElo "1960"]
[BlackElo "2029"]
[Annotator "NA"]
[PlyCount "94"]
[EventDate "2019.11.18"]
[EventType "swiss"]
[EventCountry "RUS"]
[SourceTitle "playchess.com"]
[Source "ChessBase"]
[SourceQuality "1"]
[TimeControl "5400+30"]

1. e4 e6 2. d4 d5 3. Nd2 Nf6 4. e5 Nfd7 5. c3 c5 6. Bd3 Nc6 7. Ngf3 Qb6 8. O-O cxd4 9. cxd4 Nxd4 10. Nxd4 Qxd4 11. Nf3 Qb6 12. Qc2 g6 13. Be3 Qd8 14. Rac1 Bg7 15. Bg5 f6 16. exf6 Bxf6 17. Bh6 Kf7 18. Qd2 Re8 19. Rfe1 Kg8 20. Ng5 Ne5 21. Be2 Nc6 22. h4 Nd4 23. Bd3 e5 24. h5 Bf5 25. Bxf5 Nxf5 26. Nh3 Nxh6 27. Qxh6 Bg7 28. Qe3 Qb6 29. Qg3 Rac8 30. hxg6 hxg6 31. Qg4 Rxc1 32. Rxc1 Rf8 33. Rc2 Qd6 34. Ng5 Rf5 35. Qh4 Rxg5 36. Qxg5 d4 37. Rc8+ Bf8 38. Qd8 Qxd8 39. Rxd8 Kf7 40. Rd7+ Ke6 41. Rxb7 Bc5 42. b4 Bb6 43. a4 d3 44. Kf1 g5 45. a5 Bd4 46. b5 Kd6 47. a6 Kd5 1-0

[Event "Moscow Youth U19 2019"]
[Site "Moscow"]
[Date "2019.11.23"]
[Round "6.6"]
[White "Gotsiuk, Denis"]
[Black "Shlykov, Yaroslav"]
[Result "1/2-1/2"]
[ECO "B07"]
[WhiteElo "1976"]
[BlackElo "1623"]
[Annotator "NA"]
[PlyCount "45"]
[EventDate "2019.11.18"]
[EventType "swiss"]
[EventCountry "RUS"]
[SourceTitle "playchess.com"]
[Source "ChessBase"]
[SourceQuality "1"]
[TimeControl "5400+30"]

1. d4 Nf6 2. Nf3 g6 3. Nbd2 d6 4. e4 Bg7 5. c3 O-O 6. Bd3 e5 7. dxe5 dxe5 8. Nc4 Nc6 9. O-O Qe7 10. Ne3 Rd8 11. Qc2 h6 12. b4 Be6 13. Bb2 Ng4 14. Nxg4 Bxg4 15. Qe2 Qf6 16. Rfd1 g5 17. Qe3 Ne7 18. Be2 Qb6 19. Qxb6 axb6 20. Rxd8+ Rxd8 21. Rd1 Rxd1+ 22. Bxd1 Be6 23. Nxe5 1/2-1/2

[Event "Moscow Youth U19 2019"]
[Site "Moscow"]
[Date "2019.11.23"]
[Round "6.7"]
[White "Sekoyan, Vachagan"]
[Black "Usov, Aleksandr E."]
[Result "0-1"]
[ECO "D10"]
[WhiteElo "2084"]
[BlackElo "1930"]
[Annotator "NA"]
[PlyCount "108"]
[EventDate "2019.11.18"]
[EventType "swiss"]
[EventCountry "RUS"]
[SourceTitle "playchess.com"]
[Source "ChessBase"]
[SourceQuality "1"]
[TimeControl "5400+30"]

1. d4 d5 2. c4 c6 3. cxd5 cxd5 4. Bf4 Nc6 5. e3 Nf6 6. Nc3 Bg4 7. Qb3 Qd7 8. Bd3 e6 9. Nge2 Be7 10. O-O O-O 11. Rac1 Bxe2 12. Bxe2 Ne8 13. Na4 g5 14. Bg3 f5 15. Be5 Bd6 16. Bxd6 Nxd6 17. Nc5 Qe7 18. Qa4 Rfc8 19. Rc2 a6 20. Qa3 b5 21. Nxa6 Nxd4 22. Rxc8+ Nxc8 23. exd4 Qxa3 24. bxa3 Rxa6 25. Bxb5 Rxa3 26. Bd7 Ne7 27. Bxe6+ Kg7 28. Ra1 Ra7 29. g4 f4 30. Re1 Rxa2 31. Rd1 Ra7 32. h3 Kf6 33. Re1 Ra4 34. Bd7 Rxd4 35. Re6+ Kf7 36. h4 gxh4 37. Rh6 Ng6 38. Rxh7+ Kf6 39. Bf5 Ne5 40. Rh6+ Kf7 41. Kg2 f3+ 42. Kh3 Rd2 43. Rh7+ Kf6 44. Rh6+ Kg5 45. Rh5+ Kf4 46. Bh7 Rxf2 47. Rf5+ Ke4 48. Rh5+ Kd4 49. Rxh4 Rg2 50. g5+ Ke3 51. Ra4 Rxg5 52. Ra3+ Kf4 53. Bg6 Rg3+ 54. Kh2 Ng4+ 0-1

[Event "Moscow Youth U19 2019"]
[Site "Moscow"]
[Date "2019.11.23"]
[Round "6.8"]
[White "Zavialov, Nikita A."]
[Black "Miroshnik, Ekaterina"]
[Result "0-1"]
[ECO "C41"]
[WhiteElo "2066"]
[BlackElo "2127"]
[Annotator "NA"]
[PlyCount "72"]
[EventDate "2019.11.18"]
[EventType "swiss"]
[EventCountry "RUS"]
[SourceTitle "playchess.com"]
[Source "ChessBase"]
[SourceQuality "1"]
[TimeControl "5400+30"]

1. e4 d6 2. Nf3 Nf6 3. Nc3 e5 4. d4 Nbd7 5. a4 Be7 6. a5 O-O 7. Be2 c6 8. O-O Re8 9. Re1 Bf8 10. Bc4 h6 11. d5 Qc7 12. Ra3 b5 13. dxc6 bxc4 14. cxd7 Bxd7 15. Nd5 Nxd5 16. exd5 Rab8 17. Nh4 Rb5 18. Qh5 Rxd5 19. Bxh6 Rxa5 20. Rea1 c3 21. Rxa5 cxb2 22. h3 Qxa5 23. Rxa5 b1=Q+ 24. Kh2 gxh6 25. Ra3 Bg7 26. Nf5 Bxf5 27. Qxf5 Qb6 28. Rf3 Qc7 29. Qe4 Qd7 30. c4 Qe6 31. Qb7 Qxc4 32. Qxa7 Qe6 33. Rg3 Kh8 34. Rf3 Rf8 35. Rg3 e4 36. Qc7 Be5 0-1

[Event "Moscow Youth U19 2019"]
[Site "Moscow"]
[Date "2019.11.23"]
[Round "6.9"]
[White "Nikolaev, Daniil"]
[Black "Talyzin, Valeriy"]
[Result "1-0"]
[ECO "B09"]
[WhiteElo "1867"]
[BlackElo "1829"]
[Annotator "NA"]
[PlyCount "131"]
[EventDate "2019.11.18"]
[EventType "swiss"]
[EventCountry "RUS"]
[SourceTitle "playchess.com"]
[Source "ChessBase"]
[SourceQuality "1"]
[TimeControl "5400+30"]

1. e4 g6 2. d4 Bg7 3. Nc3 d6 4. f4 Nf6 5. Nf3 O-O 6. Be3 c6 7. Qd2 b5 8. e5 dxe5 9. dxe5 Qxd2+ 10. Nxd2 Nfd7 11. Nce4 Nb6 12. a4 bxa4 13. Bc5 Nd5 14. g3 Nd7 15. Rxa4 Nxc5 16. Nxc5 Ne3 17. Kf2 Ng4+ 18. Kf3 Rd8 19. Bd3 Nh6 20. h3 Nf5 21. c3 f6 22. g4 Nh4+ 23. Kg3 g5 24. fxg5 fxg5 25. Re1 Be6 26. Nf3 Nxf3 27. Kxf3 Rf8+ 28. Kg2 Bd5+ 29. Be4 Rad8 30. e6 Rf4 31. Rxa7 Bf6 32. Bxd5 Rxd5 33. Ne4 Kg7 34. Raa1 Be5 35. Ra7 Bf6 36. Raa1 Rb5 37. b4 Rd5 38. Rac1 Be5 39. Rc2 Bc7 40. Ng3 c5 41. Nh5+ Kg6 42. Nxf4+ Bxf4 43. c4 Rd3 44. bxc5 Rg3+ 45. Kf1 Rxh3 46. Re4 Rh1+ 47. Ke2 Rh2+ 48. Kd3 Rh3+ 49. Kd4 Rh1 50. Kd5 h5 51. Kc6 hxg4 52. Kd7 Kf6 53. c6 Rd1+ 54. Kc8 g3 55. c7 Rb1 56. c5 Kf5 57. Ree2 Kf6 58. Ra2 Rb5 59. c6 Rb3 60. Rab2 Rc3 61. Kb7 Bxc7 62. Kxc7 g2 63. Rxg2 Kxe6 64. Rxg5 Kf6 65. Rgg2 e5 66. Kb7 1-0

[Event "Moscow Youth U19 2019"]
[Site "Moscow"]
[Date "2019.11.23"]
[Round "6.10"]
[White "Kozhukhov, Alexandr"]
[Black "Agashin, Alexandr"]
[Result "1/2-1/2"]
[ECO "E68"]
[WhiteElo "1627"]
[BlackElo "1546"]
[Annotator "NA"]
[PlyCount "102"]
[EventDate "2019.11.18"]
[EventType "swiss"]
[EventCountry "RUS"]
[SourceTitle "playchess.com"]
[Source "ChessBase"]
[SourceQuality "1"]
[TimeControl "5400+30"]

1. d4 Nf6 2. c4 g6 3. Nf3 Bg7 4. g3 d6 5. Bg2 Nbd7 6. O-O O-O 7. Nc3 c6 8. e4 e5 9. Re1 Ng4 10. h3 exd4 11. Nxd4 Nge5 12. b3 Nc5 13. Be3 f5 14. exf5 Bxf5 15. g4 Bd7 16. Qe2 Qh4 17. Rad1 Rae8 18. Qd2 h6 19. f4 Ned3 20. Rf1 Re7 21. Nf3 Qf6 22. Na4 Rfe8 23. Nxc5 Nxc5 24. Bd4 Qf7 25. Bxg7 Qxg7 26. Qxd6 Ne4 27. Qd4 Nc3 28. Qxg7+ Kxg7 29. Rd6 Ne2+ 30. Kh2 Nxf4 31. Ne5 Nxg2 32. Nxd7 Re2 33. Kg1 Ne3 34. Rff6 Re1+ 35. Kh2 Nf1+ 36. Kg2 Ne3+ 37. Kf3 Rf1+ 38. Ke2 Rxf6 39. Nxf6 Re7 40. Kf3 Nxc4 41. bxc4 Rf7 42. Ke4 Rxf6 43. Rd7+ Rf7 44. Rd8 Kf6 45. h4 Re7+ 46. Kf3 h5 47. gxh5 gxh5 48. Rd6+ Re6 49. Rd7 Re7 50. Rd6+ Re6 51. Rd7 Re7 1/2-1/2

[Event "Moscow Youth U19 2019"]
[Site "Moscow"]
[Date "2019.11.24"]
[Round "7.1"]
[White "Fedorov, Nikita"]
[Black "Makarian, Rudik"]
[Result "0-1"]
[ECO "A45"]
[WhiteElo "2133"]
[BlackElo "2405"]
[Annotator "ChessBase"]
[PlyCount "90"]
[EventDate "2019.11.18"]
[EventType "swiss"]
[EventCountry "RUS"]
[SourceTitle "playchess.com"]
[Source "ChessBase"]
[SourceQuality "1"]
[TimeControl "5400+30"]

1. d4 Nf6 2. Bf4 c5 3. e3 Nd5 4. Bg3 Qb6 5. b3 cxd4 6. Qxd4 Qxd4 7. exd4 Nc6 8. c3 g6 9. Bc4 Nb6 10. Bd3 Bg7 11. Nf3 O-O 12. O-O d6 13. Re1 e5 14. Na3 Rd8 15. Rad1 Bg4 16. Be2 e4 17. Nd2 Bxe2 18. Rxe2 d5 19. Bf4 Rac8 20. Nb5 Rd7 21. Nd6 Rcd8 22. Nb5 a6 23. Na3 f5 24. Be3 Na8 25. b4 Nc7 26. Nb3 b6 27. g3 Bf8 28. Nc2 Nb5 29. Bd2 Nd6 30. Ne3 Nc4 31. Nxc4 dxc4 32. Na1 Bxb4 33. Nc2 Be7 34. Ne3 Nxd4 35. cxd4 Rxd4 36. Rb1 Rxd2 37. Rxd2 Rxd2 38. Nxc4 Rxa2 39. Rxb6 Bc5 40. Rb8+ Kg7 41. Rb7+ Kf6 42. Rxh7 Bxf2+ 43. Kf1 Ke6 44. Rg7 Kd5 45. Na5 Bb6 0-1

[Event "Moscow Youth U19 2019"]
[Site "Moscow"]
[Date "2019.11.24"]
[Round "7.2"]
[White "Pavlov, Danila"]
[Black "Gurvich, Vitaly"]
[Result "1-0"]
[ECO "C41"]
[WhiteElo "2369"]
[BlackElo "2265"]
[Annotator "ChessBase"]
[PlyCount "95"]
[EventDate "2019.11.18"]
[EventType "swiss"]
[EventCountry "RUS"]
[SourceTitle "playchess.com"]
[Source "ChessBase"]
[SourceQuality "1"]
[TimeControl "5400+30"]

1. e4 d6 2. d4 Nf6 3. Nc3 e5 4. Nf3 Nbd7 5. Rg1 c6 6. g4 h6 7. Be3 b5 8. a3 Qc7 9. h4 g6 10. g5 hxg5 11. hxg5 Nh5 12. d5 Bb7 13. dxc6 Bxc6 14. Bxb5 Rb8 15. Bxc6 Qxc6 16. Qd5 Qa6 17. O-O-O Be7 18. Nd2 O-O 19. Nc4 Rbc8 20. Nxd6 Rxc3 21. bxc3 Nf4 22. Bxf4 exf4 23. Nc4 Nb6 24. Nxb6 axb6 25. Qe5 Bxa3+ 26. Kb1 Bc5 27. c4 Ra8 28. Qb2 Bf8 29. Rge1 Qxc4 30. e5 Ra5 31. Rd3 Rc5 32. Rb3 Rc6 33. Rxb6 Re6 34. Qb3 Rxb6 35. Qxb6 Qc3 36. Re4 Qf3 37. Rc4 Qd1+ 38. Kb2 Qd5 39. Qd4 Qb7+ 40. Kc3 Bg7 41. Qxf4 Qb8 42. Re4 Qc7+ 43. Kd3 Qd7+ 44. Ke2 Qb5+ 45. c4 Qb6 46. Kf1 Qb1+ 47. Kg2 Qb6 48. Qg4 1-0

[Event "Moscow Youth U19 2019"]
[Site "Moscow"]
[Date "2019.11.24"]
[Round "7.3"]
[White "Usov, Aleksandr E."]
[Black "Buniatyan, David"]
[Result "0-1"]
[ECO "B01"]
[WhiteElo "1930"]
[BlackElo "1960"]
[Annotator "NA"]
[PlyCount "80"]
[EventDate "2019.11.18"]
[EventType "swiss"]
[EventCountry "RUS"]
[SourceTitle "playchess.com"]
[Source "ChessBase"]
[SourceQuality "1"]
[TimeControl "5400+30"]

1. e4 d5 2. exd5 Qxd5 3. Nc3 Qa5 4. d4 Nf6 5. Nf3 Bg4 6. h3 Bh5 7. g4 Bg6 8. Ne5 e6 9. h4 Bb4 10. Bd2 Nbd7 11. Nc4 Qa6 12. h5 Bxc3 13. hxg6 Bxd2+ 14. Nxd2 Qa5 15. gxf7+ Kxf7 16. c3 h5 17. Bc4 hxg4 18. Rg1 Rh2 19. Qe2 Re8 20. Nf1 Rh5 21. O-O-O Qg5+ 22. Ne3 c6 23. Kb1 Rh4 24. Rdf1 Nb6 25. f4 Qh5 26. f5 Nbd5 27. Qd2 Qg5 28. Rg3 Rh3 29. Rff3 Rxg3 30. Rxg3 exf5 31. Qf2 Ne4 32. Rxg4 Qxg4 33. Qh2 Nexc3+ 34. bxc3 Rxe3 35. Qc7+ Re7 36. Qd6 Qd1+ 37. Kb2 Qd2+ 38. Kb3 Qxc3+ 39. Ka4 b5+ 40. Bxb5 Nb6# 0-1